[Event "Live Chess"]
[Site "Chess.com"]
[Date "2023.05.21"]
[Round "-"]
[White "Ian-Morley"]
[Black "AttackingSnowLeopard"]
[Result "0-1"]
[WhiteElo "1089"]
[BlackElo "2156"]
[TimeControl "300"]
[EndTime "7:41:37 PDT"]
[Termination "AttackingSnowLeopard won by resignation"]

1. e4 e5 2. Nf3 Nc6 3. Bc4 Bc5 4. Ng5 Qxg5 5. O-O Qg6 6. d3 d6 7. Re1 Nf6 8. Be3 Bxe3 9. fxe3 Bg4 10. Qd2 O-O-O 11. Na3 a6 12. Bd5 Nxd5 13. exd5 Ne7 14. Nc4 Nxd5 15. e4 Nf4 16. g3 Nh3+ 17. Kg2 f5 18.
Qb4 fxe4 19. Nxd6+ Rxd6 20. Qxe4 Qe6 21. Qxe5 Qd5+ 22.
Qxd5 Rxd5 23. Re7 Rf8 24. Rf1 Rxf1 25. Kxf1 Rf5+ 26. Ke1 Ng5 27. Rxg7 Nf3+ 28. Ke2 Nxh2+ 29. Kd2 Nf3+ 30. Kc3 h5 31. Rg8+ Kd7 32. Rg7+ Kd6 33.
Rg6+ Ke7 34. Rg7+ Rf7 35. Rg8 Nh2 36. Rc8 Bxc8 0-1

[Event "Live Chess"]
[Site "Chess.com"]
[Date "2023.05.21"]
[Round "-"]
[White "PantherCal"]
[Black "Singapourfeuj"]
[Result "0-1"]
[WhiteElo "1859"]
[BlackElo "2196"]
[TimeControl "300"]
[EndTime "7:41:37 PDT"]
[Termination "Singapourfeuj won by resignation"]

1. e4 e6 2. d4 d5 3. exd5 exd5 4. Bd3 Bd6 5. Nf3 Ne7 6. O-O Bg4 7. Bg5 f6 8. Bh4 Nbc6 9. c3 Qd7 10. Nbd2 O-O-O 11.
b4 g5 12. Bg3 Ng6 13. Nb3 Kb8 14. b5 Nce7 15. Nc5 Bxc5 16. dxc5 Ne5 17. Bxe5 fxe5 18.
Nxe5 Bxd1 19. Nxd7+ Rxd7 20. Raxd1 c6 21. a4 b6 22.
cxb6 axb6 23. Rfe1 Kc7 24. Bf5 Nxf5 25. Re6 Rd6 26.
Re5 Rf8 27. Rde1 c5 28. g4 Nh4 29. Re7+ Rd7 30. Kf1 Nf3 31. R1e3 Nxh2+ 32. Kg2 Nxg4 0-1

[Event "Live Chess"]
[Site "Chess.com"]
[Date "2023.05.21"]
[Round "-"]
[White "LiamClery2020"]
[Black "ramses-IIG"]
[Result "1-0"]
[WhiteElo "1997"]
[BlackElo "870"]
[TimeControl "300"]
[EndTime "7:41:38 PDT"]
[Termination "LiamClery2020 won by checkmate"]

1. e4 d5 2. exd5 Qxd5 3. Nc3 Qe6+ 4. Be2 Qg6 5. Bf3 c6 6. d4 e6 7. Be3 Qf6 8. Qd2 Bb4 9. O-O-O Ne7 10. Nge2 O-O 11. a3 Ba5 12. Bg5 Qg6 13. Bxe7 Re8 14. Bh4 Nd7 15. Be4 Qg4 16. Bg3 f5 17. Bf3 Qg6 18.
Nf4 Qf6 19. Rhe1 Nb6 20. Nh5 Qg6 21. Nf4 Qf6 22. b4 Nc4 23. Qd3 Nxa3 24. bxa5 b6 25. Ncd5 Qf7 26. Qxa3 exd5 27. Rxe8+ Qxe8 28. Nxd5 cxd5 29. Bxd5+ Kh8 30. Bxa8 Be6 31. Re1 Qxa8 32. Rxe6 bxa5 33. Qe7 h6 34. Rxh6+ gxh6 35. Be5+ Kg8 36. Qg7# 1-0

[Event "Live Chess"]
[Site "Chess.com"]
[Date "2023.05.21"]
[Round "-"]
[White "educatedlad"]
[Black "wadsy27"]
[Result "0-1"]
[WhiteElo "1624"]
[BlackElo "2539"]
[TimeControl "300"]
[EndTime "7:41:43 PDT"]
[Termination "wadsy27 won by checkmate"]

1. e4 c5 2. Nc3 e6 3. d4 cxd4 4.
Qxd4 Nc6 5. Qe3 a6 6. b3 Qc7 7. Bb2 Nf6 8. O-O-O b5 9. Nd5 Nxd5 10. exd5 Nb4 11. Bd3 Nxd5 12. Qe2 Bb7 13. Nf3 Nc3 14. Bxc3 Qxc3 15. Kb1 Bxf3 16. gxf3 Ba3 17. Qe4 Qb2# 0-1

[Event "Live Chess"]
[Site "Chess.com"]
[Date "2023.05.21"]
[Round "-"]
[White "Missedidea"]
[Black "Tiltador"]
[Result "1-0"]
[WhiteElo "1770"]
[BlackElo "874"]
[TimeControl "300"]
[EndTime "7:41:54 PDT"]
[Termination "Missedidea won by resignation"]

1. d4 d5 2. c4 dxc4 3. e3 b5 4. a4 c6 5. axb5 cxb5 6. Qf3 Nc6 7. Qxc6+ Bd7 8. Qf3 a6 9. g4 f6 10. Bg2 Ra7 11. Ne2 e6 12. Nbc3 Ne7 13. O-O Ng6 14. Qg3 Bb4 15. f4 Bxc3 16. bxc3 O-O 17. h4 f5 18. h5 Nh8 19. g5 Nf7 20. g6 Nh6 21. gxh7+ Kxh7 22. Kf2 Rg8 23. Bf3 Ng4+ 24. Bxg4 fxg4 25.
Qxg4 e5 26. Qg6+ Kh8 27. dxe5 Qh4+ 28. Ng3 Qh2+ 29. Ke1 Bc6 30. e4 Rc7 31. e6 Qg2 32. Rf2 Qg1+ 33. Ke2 Bxe4 34. Qxe4 Qxg3 35. Be3 Qg4+ 36.
Qf3 Qxf3+ 37. Rxf3 Kh7 38. Bd4 Re7 39. f5 Rf8 40. Rg1 a5 41. Rg6 a4 42. Kd2 a3 43.
Rfg3 a2 44. Rxg7+ Rxg7 45. Rxg7+ Kh6 46. Ra7 Rxf5 47. e7 Rf2+ 48. Bxf2 a1=Q 49. Rxa1 1-0

[Event "Live Chess"]
[Site "Chess.com"]
[Date "2023.05.21"]
[Round "-"]
[White "FlyingChessKestrel13"]
[Black "PiotrD11"]
[Result "1/2-1/2"]
[WhiteElo "2063"]
[BlackElo "1381"]
[TimeControl "300"]
[EndTime "7:42:05 PDT"]
[Termination "Game drawn by repetition"]

1. e4 e5 2. Bc4 Nf6 3. d3 d6 4.
Nf3 Be7 5. O-O O-O 6. c3 a6 7.
a4 Nbd7 8. Nbd2 Nb6 9. Ba2 Bd7 10. a5 Na4 11. d4 exd4 12. cxd4 c5 13. Bb3 b5 14.
Bxa4 bxa4 15. Re1 Qxa5 16. e5 dxe5 17. dxe5 Ne8 18. Nc4 Qc7 19. Bf4 Qb7 20. Qd2 Bb5 21. Nd6 Bxd6 22. exd6 Nf6 23. Re7 Qc6 24. Rc7 Qd5 25. Rd1 Qxd2 26. Rxd2 Rad8 27. h3 Ne4 28. Rd5 Bc4 29. Re5 Nxd6 30. Rexc5 Bb5 31. Bxd6 Rxd6 32.
Rc2 Rd1+ 33. Kh2 h6 34. Ne5 Re1 35. f4 Re4 36. g3 g5 37. Ng4 gxf4 38. Nxh6+ Kg7 39.
Nf5+ Kg8 40. gxf4 Rxf4 41. Rg2+ Kh8 42. Rg5 Rf2+ 43. Kg1 Rf1+ 44. Kh2 Rf2+ 45. Kg1 Rf1+ 46. Kh2 Rf2+ 1/2-1/2

[Event "Live Chess"]
[Site "Chess.com"]
[Date "2023.05.21"]
[Round "-"]
[White "Daniel_Gliddon_FA"]
[Black "f4nomore"]
[Result "0-1"]
[WhiteElo "1239"]
[BlackElo "1406"]
[TimeControl "300"]
[EndTime "7:42:23 PDT"]
[Termination "f4nomore won by resignation"]

1. e4 d6 2. d4 g6 3. Nf3 Bg7 4. c3 Nf6 5. Bc4 O-O 6. O-O e6 7. Qe2 c6 8. Bg5 Qe8 9. e5 Nd5 10. Nbd2 dxe5 11. dxe5 h6 12. Bf6 Nxf6 13. exf6 Bxf6 14.
Ne4 Bg7 15. Nd6 Qd7 16. Nxf7 Qxf7 17. Ne5 Qf5 18. f4 b5 19. Bb3 a5 20. a4 b4 21.
cxb4 Ba6 22. b5 cxb5 23. Nd7 Kh8 24. Nxf8 Qxf8 25. Qxe6 bxa4 26. Rfc1 Ra7 27. Bc4 Bxc4 28.
Rxc4 Re7 29. Qh3 Re8 30. Rcxa4 h5 31. Rxa5 Qb4 32. Rxh5+ Kg8 33. Re5 Bxe5 34. fxe5 Qd4+ 35. Kf1 Rf8+ 36. Ke2 Qxe5+ 37. Qe3 Qh5+ 38. Kd3 Rd8+ 39. Kc4 Rc8+ 40. Kb4 Nc6+ 41. Kb3 Qd5+ 42. Kc3 Ne5+ 43. Kb4 Qc4+ 44. Ka5 Ra8+ 45. Kb6 Rxa1 46. Qxe5 Qb4+ 47. Kc6 Ra6+ 48. Kd7 Qb7+ 49. Ke8 Ra8+ 0-1

[Event "Live Chess"]
[Site "Chess.com"]
[Date "2023.05.21"]
[Round "-"]
[White "Bob2pen"]
[Black "lateforthesky"]
[Result "1-0"]
[WhiteElo "1870"]
[BlackElo "2091"]
[TimeControl "300"]
[EndTime "7:42:30 PDT"]
[Termination "Bob2pen won by resignation"]

1. c4 g6 2. g3 Bg7 3. Bg2 d6 4. Nf3 e5 5. d3 Nc6 6. O-O Nf6 7. Nc3 O-O 8. Rb1 a5 9. a3 Re8 10. b4 axb4 11. axb4 e4 12. dxe4 Nxe4 13. Nxe4 Rxe4 14. Nd2 Re8 15. Bb2 Ne5 16. Qc2 c6 17. Qc3 Ra2 18. Qb3 Rxb2 19. Rxb2 Be6 20. Rc2 Qd7 21. b5 Bh3 22.
Nf3 Bxg2 23. Kxg2 Ng4 24. Qd3 Nf6 25. Rd1 d5 26. cxd5 cxd5 27. b6 Qd6 28. Qb3 h6 29.
e3 Re7 30. Rdc1 Ne4 31. Rc8+ Kh7 32. R8c7 g5 33. Rxe7 Qxe7 34. Qxd5 1-0

[Event "Live Chess"]
[Site "Chess.com"]
[Date "2023.05.21"]
[Round "-"]
[White "KeithArkell"]
[Black "Mikhail_Golubev"]
[Result "1/2-1/2"]
[WhiteElo "2462"]
[BlackElo "2451"]
[TimeControl "300"]
[EndTime "7:42:38 PDT"]
[Termination "Game drawn by agreement"]

1. d4 g6 2. Nf3 Bg7 3. c4 d6 4. Nc3 Nf6 5. g3 O-O 6. Bg2 Nbd7 7. d5 Nb6 8. Qd3 e6 9. O-O exd5 10. cxd5 Re8 11. e4 Nbd7 12. Re1 Nc5 13. Qc2 Bd7 14. Bd2 a5 15. Rad1 a4 16. b4 axb3 17. axb3 Ng4 18.
h3 Ne5 19. Nxe5 Bxe5 20. b4 Na4 21. Ra1 Nb6 22. Rxa8 Qxa8 23. Qb3 Qd8 24. Be3 Qf6 25. Ne2 Ra8 26. Bf4 Bxf4 27. Nxf4 Ra1 28. Rxa1 Qxa1+ 29. Kh2 Bb5 30. Bf3 Qf1 31. Qc2 Qc4 32. Qxc4 Bxc4 33. Be2 Kg7 34. Kg2 Kf6 35. Bxc4 Nxc4 36. Nd3 Ne5 37. Nb2 c6 38. dxc6 bxc6 39. f4 Nd7 40.
Kf3 Ke6 41. Ke3 f5 42. exf5+ gxf5 43. g4 Nf6 44. gxf5+ Kxf5 45. Nc4 Nd5+ 46. Kd4 Ke6 47. f5+ Kxf5 48. Nxd6+ Ke6 49. Ne4 Nxb4 50. Ng5+ Kf5 51.
Nxh7 Nd5 52. Nf8 Nf4 53. Kc5 1/2-1/2

[Event "Live Chess"]
[Site "Chess.com"]
[Date "2023.05.21"]
[Round "-"]
[White "ameetghasi100"]
[Black "MarkCheck"]
[Result "1-0"]
[WhiteElo "2578"]
[BlackElo "1559"]
[TimeControl "300"]
[EndTime "7:42:39 PDT"]
[Termination "ameetghasi100 won by resignation"]

1. e4 c5 2. Nf3 d6 3. Bb5+ Bd7 4. a4 a6 5. Be2 Nf6 6. d3 Nc6 7. O-O e5 8. Nbd2 g6 9. c3 Bg7 10. Nc4 Be6 11. Nfd2 d5 12. exd5 Nxd5 13. Ne4 O-O 14. Nxc5 Rb8 15. Nxe6 fxe6 16. Bg4 Qe7 17. Re1 Nf4 18.
g3 h5 19. gxf4 hxg4 20. Qxg4 Rxf4 21. Bxf4 exf4 22. Rxe6 1-0

[Event "Live Chess"]
[Site "Chess.com"]
[Date "2023.05.21"]
[Round "-"]
[White "chessfiction"]
[Black "garyjc"]
[Result "1-0"]
[WhiteElo "2298"]
[BlackElo "1065"]
[TimeControl "300"]
[EndTime "7:42:55 PDT"]
[Termination "chessfiction won by resignation"]

1. e4 c5 2. Bc4 a6 3. d4 cxd4 4. c3 dxc3 5. Nf3 Nc6 6. Nxc3 e6 7. Bf4 b5 8. Bb3 Bb7 9. O-O Be7 10. e5 b4 11. Ne4 Na5 12. Nd6+ Bxd6 13. exd6 Nxb3 14. axb3 a5 15. Ne5 Nf6 16. Re1 O-O 17. Re3 Nd5 18. Rh3 Nxf4 19. Rg3 f6 20. Qg4 Ng6 21. Nxg6 hxg6 22. Qxg6 Rf7 23. Rh3 1-0

[Event "Live Chess"]
[Site "Chess.com"]
[Date "2023.05.21"]
[Round "-"]
[White "McSlash1"]
[Black "GMHarry-youtube"]
[Result "0-1"]
[WhiteElo "2000"]
[BlackElo "2035"]
[TimeControl "300"]
[EndTime "7:43:15 PDT"]
[Termination "GMHarry-youtube won by resignation"]

1. e4 c5 2. Nf3 d6 3. d4 cxd4 4. Nxd4 Nf6 5. Nc3 g6 6. Be3 Bg7 7.
f3 O-O 8. Qd2 Nc6 9. Bc4 Nxd4 10. Bxd4 Be6 11. Bxe6 fxe6 12. O-O-O Rc8 13. Be3 a6 14. Kb1 b5 15. g4 e5 16. h4 h5 17. Bh6 hxg4 18. h5 Nxh5 19. Rxh5 gxh5 20. Qg5 Rf7 21. Nd5 e6 22. Qxd8+ Rxd8 23. Bg5 Rdf8 24. Ne7+ Rxe7 25. Bxe7 Rxf3 26. Bxd6 g3 27. b3 g2 28. Bc5 Rf1 29. Kc1 Bh6+ 0-1

[Event "Live Chess"]
[Site "Chess.com"]
[Date "2023.05.21"]
[Round "-"]
[White "luckywookie"]
[Black "domrobson"]
[Result "0-1"]
[WhiteElo "811"]
[BlackElo "1757"]
[TimeControl "300"]
[EndTime "7:43:22 PDT"]
[Termination "domrobson won by checkmate"]

1. e4 e5 2. Nf3 Nc6 3. c3 d5 4. exd5 Qxd5 5. d3 Bg4 6. Be2 O-O-O 7. c4 Bb4+ 8. Nc3 Qa5 9. Bd2 Bxf3 10. Bxf3 Rxd3 11.
Bg4+ Kb8 12. Rc1 Nf6 13. Bf3 Rhd8 14. O-O Rxd2 15. Qa4 Bxc3 16. Qxa5 Bxa5 17. Bxc6 bxc6 18. a3 Rxb2 19. Rb1 Rd2 20. h3 Rxf2 21. Rxf2 Rxb1+ 22. Rf1 Bb6+ 23. Kh2 Rxf1 24. h4 h5 25. a4 Bf2 26.
a5 Ng4+ 27. Kh3 Rh1# 0-1

[Event "Live Chess"]
[Site "Chess.com"]
[Date "2023.05.21"]
[Round "-"]
[White "TheSmoulderingMaster"]
[Black "whatnot126"]
[Result "0-1"]
[WhiteElo "1671"]
[BlackElo "2068"]
[TimeControl "300"]
[EndTime "7:43:28 PDT"]
[Termination "whatnot126 won by resignation"]

1. e4 d6 2. d4 Nf6 3. Nc3 g6 4. Nf3 Bg7 5. Bf4 O-O 6. Qd2 c6 7. O-O-O b5 8. e5 b4 9. Ne2 Ne4 10. Qe3 d5 11. Bh6 a5 12. Ng3 a4 13. Bxg7 Kxg7 14. Nxe4 dxe4 15. h4 h5 16. Qxe4 Bf5 17.
Qf4 b3 18. axb3 axb3 19. cxb3 Qb6 20. Bc4 Qb4 21. Bd3 Ra1+ 22. Kc2 Bxd3+ 23. Kxd3 Qxb3+ 24. Ke4 Rxd1 25. Rxd1 Qxd1 26. Ng5 Qe2+ 27. Qe3 Qxe3+ 28. fxe3 0-1

[Event "Live Chess"]
[Site "Chess.com"]
[Date "2023.05.21"]
[Round "-"]
[White "AMCWAML"]
[Black "grillage"]
[Result "1-0"]
[WhiteElo "2248"]
[BlackElo "1784"]
[TimeControl "300"]
[EndTime "7:43:31 PDT"]
[Termination "AMCWAML won by resignation"]

1. e4 d5 2. exd5 Qxd5 3. Nf3 Bg4 4. Be2 Nc6 5. Nc3 Qd7 6. d3 O-O-O 7. h3 Bh5 8. Be3 Nf6 9. b4 e6 10. b5 Nb4 11. a3 Nbd5 12. Nxd5 Nxd5 13. Bd2 Be7 14. a4 g5 15. c4 Nf4 16. Bxf4 gxf4 17. Ne5 Bxe2 18.
Qxe2 Qd4 19. O-O-O Rhf8 20. Qb2 Qxb2+ 21. Kxb2 Bf6 22.
Rhe1 Rg8 23. Kb3 Bxe5 24. Rxe5 Rxg2 25. Rd2 Rdg8 26. Rh5 R8g7 27. Rh4 e5 28. d4 exd4 29.
Rxf4 Rh2 30. Rfxd4 b6 31. h4 Rgg2 32. Rf4 Rh3+ 33.
Kb4 Rgh2 34. Rxf7 Rxh4 35. Rdd7 Rh1 36. Rxc7+ Kb8 37. Rb7+ Ka8 38. Rxa7+ Kb8 39. Rfb7+ Kc8 40. Rf7 Rb1+ 41. Ka3 Kb8 42. Rab7+ Ka8 43. Rbe7 1-0

[Event "Live Chess"]
[Site "Chess.com"]
[Date "2023.05.21"]
[Round "-"]
[White "raminguy"]
[Black "DRS44"]
[Result "1-0"]
[WhiteElo "1956"]
[BlackElo "1278"]
[TimeControl "300"]
[EndTime "7:43:51 PDT"]
[Termination "raminguy won on time"]

1. d4 d5 2. Nc3 Nf6 3. Bf4 Bf5 4. e3 c5 5. dxc5 Nc6 6. a3 e5 7. Bg5 d4 8. Nb5 Bxc5 9. Bxf6 gxf6 10. exd4 Nxd4 11. Nxd4 Bxd4 12. c3 Bb6 13. Bb5+ Kf8 14. Qh5 Bg6 15. Qh6+ Kg8 16. Nh3 Qf8 17. Qh4 Bd8 18.
O-O f5 19. Qg3 f4 20. Qg4 f5 21. Bc4+ Kg7 22. Qf3 Bf6 23. Qxb7+ Qe7 24. Qf3 Rac8 25. b3 Rhd8 26. Rad1 Rxd1 27. Rxd1 Rd8 28. Rxd8 Qxd8 29.
Qd5 Qxd5 30. Bxd5 Kf8 31. f3 Ke7 32. Nf2 Kd6 33. c4 Kc5 34. Kf1 Kd4 35. Ke2 Kc3 36. c5 1-0

[Event "Live Chess"]
[Site "Chess.com"]
[Date "2023.05.21"]
[Round "-"]
[White "HadesLearmonth"]
[Black "SimpleHarmonic1"]
[Result "0-1"]
[WhiteElo "1209"]
[BlackElo "2044"]
[TimeControl "300"]
[EndTime "7:43:59 PDT"]
[Termination "SimpleHarmonic1 won by checkmate"]

1. e4 d6 2. d4 g6 3. Nf3 Nf6 4. Nc3 Bg7 5. Bg5 O-O 6. Be2 c6 7. O-O Nbd7 8. e5 dxe5 9. dxe5 Ne8 10. Bc4 Nc7 11. e6 Nxe6 12. Bxe6 fxe6 13. Nd4 Nf6 14.
Qf3 Qxd4 15. Rad1 Qg4 16. Qxg4 Nxg4 17. Bxe7 Rf7 18. Ba3 Bd7 19. Ne4 h6 20. Nd6 Rff8 21. Rd3 Ne5 22. Rb3 b6 23. Re1 c5 24. c4 Bc6 25.
Ree3 Rad8 26. Ne4 Rd1+ 27. Re1 Rxe1# 0-1

[Event "Live Chess"]
[Site "Chess.com"]
[Date "2023.05.21"]
[Round "-"]
[White "BillythekidFellowes"]
[Black "YrrriKharkiv"]
[Result "1-0"]
[WhiteElo "2114"]
[BlackElo "2041"]
[TimeControl "300"]
[EndTime "7:44:00 PDT"]
[Termination "BillythekidFellowes won by resignation"]

1. e4 c5 2. Nf3 Nc6 3. Bb5 g6 4. Bxc6 bxc6 5. d4 Bg7 6. c3 cxd4 7. cxd4 d6 8. Nc3 Nf6 9. Bg5 Qa5 10. O-O Bg4 11. e5 dxe5 12. dxe5 Nd5 13. Nxd5 Qxd5 14. Qa4 Bxf3 15. gxf3 Qxf3 16. Rfe1 h6 17. Re3 Qd5 18.
Rd1 Qb5 19. Qd4 c5 20. Qd5 Rc8 21. Rb3 1-0

[Event "Live Chess"]
[Site "Chess.com"]
[Date "2023.05.21"]
[Round "-"]
[White "jimwad"]
[Black "Cimon"]
[Result "0-1"]
[WhiteElo "1227"]
[BlackElo "1843"]
[TimeControl "300"]
[EndTime "7:44:06 PDT"]
[Termination "Cimon won by resignation"]

1. d4 Nf6 2. c4 e6 3. Nc3 d5 4. Bg5 Be7 5. e3 a6 6. Nf3 O-O 7. c5 h6 8. Bxf6 Bxf6 9. b4 Nd7 10. a4 c6 11. Bd3 e5 12. dxe5 Nxe5 13. Nxe5 Bxe5 14.
O-O Bxc3 15. Rb1 Be6 16. b5 axb5 17. axb5 Qg5 18. Kh1 Bf5 19. Bxf5 Qxf5 20. bxc6 bxc6 21. Rc1 Bf6 22. f3 Qe5 23. Qe2 Rfe8 24. Rfe1 Reb8 25. f4 Qb2 26. Qxb2 Rxb2 27. e4 dxe4 28. Rxe4 Raa2 29. Re8+ Kh7 30. Rg1 Bd4 0-1

[Event "Live Chess"]
[Site "Chess.com"]
[Date "2023.05.21"]
[Round "-"]
[White "OleksiyJr1"]
[Black "Olisingapore"]
[Result "0-1"]
[WhiteElo "1043"]
[BlackElo "1785"]
[TimeControl "300"]
[EndTime "7:44:10 PDT"]
[Termination "Olisingapore won by resignation"]

1. e4 c5 2. Nf3 d6 3. d4 cxd4 4. Qxd4 Nc6 5. Bb5 Bd7 6. Bxc6 Bxc6 7. Nc3 Nf6 8. Qd3 e6 9. Be3 Be7 10. O-O-O O-O 11. Kb1 Qc7 12. Rhe1 b5 13. Nxb5 Bxb5 14. Qxb5 Nxe4 15. Qe2 Rab8 16. Bd4 e5 17. Be3 Nc3+ 0-1

[Event "Live Chess"]
[Site "Chess.com"]
[Date "2023.05.21"]
[Round "-"]
[White "lHolyDiverl"]
[Black "SupremeTactician"]
[Result "0-1"]
[WhiteElo "555"]
[BlackElo "2199"]
[TimeControl "300"]
[EndTime "7:44:15 PDT"]
[Termination "SupremeTactician won on time"]

1. d4 Nf6 2. Nc3 e6 3. Bf4 d5 4. e3 Bd6 5. Bg3 Bxg3 6. hxg3 Bd7 7. Bd3 Nc6 8. a3 Qe7 9. Nf3 h6 10. Ne5 Nxe5 11. dxe5 Ne4 12. Nxe4 dxe4 13. Bxe4 O-O-O 14. Qd4 Kb8 15. Qb4 Qxb4+ 16. axb4 Bb5 17. b3 g6 18. c4 Bd7 19. O-O Bc8 20. Ra2 c6 21. Rfa1 a6 22. b5 cxb5 23. cxb5 Ka7 24. bxa6 bxa6 25.
b4 Kb6 26. Bd3 Bb7 27. Bxa6 Ra8 28. Bxb7 Rxa2 29. Rxa2 Kxb7 30. b5 Kb6 31. Rb2 Rc8 32. Kh2 Rc5 33. g4 Rxe5 34. g3 Rc5 35. f4 Rc3 36. e4 Re3 0-1

[Event "Live Chess"]
[Site "Chess.com"]
[Date "2023.05.21"]
[Round "-"]
[White "ProfPoisson"]
[Black "LL220284LL"]
[Result "0-1"]
[WhiteElo "1225"]
[BlackElo "2232"]
[TimeControl "300"]
[EndTime "7:44:15 PDT"]
[Termination "LL220284LL won by resignation"]

1. e4 d5 2. exd5 Qxd5 3. Nc3 Qa5 4.
b4 Qxb4 5. Nb5 Qa5 6. Bc4 Nf6 7. Nf3 a6 8. Nc3 b5 9. Bb3 Bb7 10. O-O c5 11. a4 b4 12. Ne2 e6 13. Bb2 Be7 14. d4 Nbd7 15. dxc5 Nxc5 16. Ne5 O-O 17. Nc4 Qd8 18. Qc1 Nd5 19. Rd1 Bf6 20. Bxf6 Qxf6 21. Nd6 Bc6 22. Nd4 Bd7 23. Bxd5 exd5 24. N6f5 Bxf5 25.
Nxf5 Qxf5 26. Qd2 Ne4 27. Qxd5 Qxf2+ 28. Kh1 Nc3 29. Qd2 Nxd1 30. Qxf2 Nxf2+ 0-1

[Event "Live Chess"]
[Site "Chess.com"]
[Date "2023.05.21"]
[Round "-"]
[White "Ra2orLeaf"]
[Black "viktorskliarov"]
[Result "0-1"]
[WhiteElo "1146"]
[BlackElo "2646"]
[TimeControl "300"]
[EndTime "7:44:31 PDT"]
[Termination "viktorskliarov won by checkmate"]

1. d4 Nf6 2. Bf4 g6 3. Nf3 Bg7 4. e3 d6 5. Bd3 O-O 6. Nbd2 c5 7.
c3 b6 8. h4 Bg4 9. Ne4 Nbd7 10.
Qc2 Bxf3 11. gxf3 Nh5 12. Bg3 d5 13. Nd2 e5 14. O-O-O cxd4 15. exd4 exd4 16. Kb1 dxc3 17. bxc3 Rc8 18. c4 Qf6 19. Bd6 Qa1# 0-1

[Event "Live Chess"]
[Site "Chess.com"]
[Date "2023.05.21"]
[Round "-"]
[White "GEMdzq"]
[Black "mach247"]
[Result "1-0"]
[WhiteElo "2227"]
[BlackElo "1331"]
[TimeControl "300"]
[EndTime "7:44:43 PDT"]
[Termination "GEMdzq won by resignation"]

1. e4 d5 2. exd5 Qxd5 3. Nc3 Qd8 4. d4 Nf6 5. Bc4 a6 6. h3 b5 7. Bb3 Bb7 8. Nf3 e6 9. O-O Be7 10. Re1 O-O 11. Ne5 Nc6 12. Be3 Na5 13. Qe2 Nxb3 14.
axb3 Nd5 15. Nxd5 Bxd5 16. c4 bxc4 17. bxc4 Bb7 18. Qg4 Bf6 19. Red1 Qe7 20. Qg3 Bxe5 21. dxe5 Rfd8 22. Bg5 f6 23. Bxf6 1-0

[Event "Live Chess"]
[Site "Chess.com"]
[Date "2023.05.21"]
[Round "-"]
[White "Ian-Morley"]
[Black "PantherCal"]
[Result "0-1"]
[WhiteElo "1089"]
[BlackElo "1859"]
[TimeControl "300"]
[EndTime "7:44:56 PDT"]
[Termination "PantherCal won by resignation"]

1. e4 d5 2. Nf3 dxe4 3. Ng5 Nf6 4.
Nc3 Bf5 5. d3 exd3 6. cxd3 c6 7.
Bd2 Nbd7 8. f4 e6 9. Qe2 Be7 10. O-O-O Qa5 11. a3 O-O-O 12. Nce4 Qc7 13. Nxf6 Bxf6 14.
Nxf7 Qb6 15. b4 Qd4 16. Ne5 Nxe5 17. fxe5 Bxe5 18. Bc3 Qxc3+ 19. Qc2 Bf4+ 20. Kb1 Qxa3 21. Qa2 Qxb4+ 22. Qb2 Qxb2+ 23. Kxb2 Bxd3 24. Bxd3 e5 25. Bf5+ Kc7 26. Rxd8 Rxd8 27. Rb1 Rd2+ 28. Kc3 Rxg2 29. Bxh7 Rxh2 30. Bg8 e4 31. Be6 e3 32. Rd1 Bd6 33.
Kd3 e2 34. Re1 Bb4 35. Rxe2 Rxe2 36. Kxe2 Kd6 37. Bc4 Ke5 38. Kf3 g5 39. Kg4 Be7 0-1

[Event "Live Chess"]
[Site "Chess.com"]
[Date "2023.05.21"]
[Round "-"]
[White "WelshTiger"]
[Black "lord_cll"]
[Result "1-0"]
[WhiteElo "2339"]
[BlackElo "1209"]
[TimeControl "300"]
[EndTime "7:45:04 PDT"]
[Termination "WelshTiger won by resignation"]

1. e4 d5 2. exd5 Qxd5 3. Nc3 Qa5 4. d4 Nf6 5. Nf3 Bf5 6. Bc4 e6 7. Qe2 c6 8. Ne5 Qc7 9. g4 Bg6 10. h4 h5 11. Nxg6 fxg6 12. Qxe6+ Be7 13. g5 Nd5 14.
Bxd5 cxd5 15. Nxd5 Qd7 16. Qxe7+ Qxe7+ 17. Nxe7 Kxe7 18. Be3 Nc6 19. O-O-O Nb4 20. a3 Nd5 21. Bd2 Rhf8 22. Rhe1+ Kd7 23. Re5 Kc6 24. c4 Nf4 25. Bb4 Rfe8 26. d5+ Kd7 27. Bc3 Ne2+ 28. Kc2 Nxc3 29.
Rxe8 Rxe8 30. Kxc3 Re2 31. Rd2 Re4 32. Rd4 Re2 33.
Rf4 Ke7 34. c5 a6 35. Rb4 Rxf2 36. Rxb7+ Kd8 37. Rxg7 Rf3+ 38. Kd4 Rf4+ 39. Ke5 Rxh4 40. Kd6 Ke8 41. c6 Rc4 42. c7 Kf8 43. Rxg6 h4 44. Rh6 1-0

[Event "Live Chess"]
[Site "Chess.com"]
[Date "2023.05.21"]
[Round "-"]
[White "davigator"]
[Black "Long1968"]
[Result "1-0"]
[WhiteElo "2286"]
[BlackElo "951"]
[TimeControl "300"]
[EndTime "7:45:26 PDT"]
[Termination "davigator won on time"]

1. e4 e6 2. Nf3 d5 3. e5 c5 4. d4 cxd4 5. Nbd2 Qc7 6. Nb3 Nc6 7. Bf4 Bb4+ 8. Nbd2 f6 9. Bg3 Nxe5 10. Nxe5 fxe5 11.
Qh5+ Qf7 12. Qxe5 Qf6 13. Bb5+ Bd7 14. Bxd7+ Kxd7 15. Qc7+ Ke8 16. Qxb7 Bxd2+ 17. Kxd2 Rd8 18. Qxa7 Qh6+ 19. Kd1 Qh5+ 20. f3 1-0

[Event "Live Chess"]
[Site "Chess.com"]
[Date "2023.05.21"]
[Round "-"]
[White "Singapourfeuj"]
[Black "LiamClery2020"]
[Result "0-1"]
[WhiteElo "2184"]
[BlackElo "2009"]
[TimeControl "300"]
[EndTime "7:45:59 PDT"]
[Termination "LiamClery2020 won by resignation"]

1. d4 Nf6 2. Nf3 e6 3. c4 c5 4. d5 exd5 5. cxd5 d6 6. Nc3 a6 7. a4 Nbd7 8. e4 Ne5 9. Nd2 Bg4 10. f3 Bd7 11. Be2 Rb8 12. a5 Be7 13. O-O O-O 14. f4 Ng6 15. Nc4 Bb5 16. Be3 Re8 17. Qc2 Bf8 18.
Rfe1 Bxc4 19. Bxc4 Ng4 20. Bd2 Qh4 21. h3 Qf2+ 22. Kh1 Nxf4 23. Bxf4 Qxc2 24. hxg4 Qxb2 25. Na4 Qf6 26. g3 g5 27. Bd2 Qf3+ 28. Kh2 Qf2+ 29. Kh3 Qxd2 30. Nb6 Bg7 31. Rad1 Qxa5 32. Nd7 Rbd8 33.
e5 Rxd7 34. e6 fxe6 35. dxe6 Rde7 36. Rxd6 Qxe1 0-1

[Event "Live Chess"]
[Site "Chess.com"]
[Date "2023.05.21"]
[Round "-"]
[White "AlanPaling"]
[Black "manthanit"]
[Result "1-0"]
[WhiteElo "1399"]
[BlackElo "1100"]
[TimeControl "300"]
[EndTime "7:46:28 PDT"]
[Termination "AlanPaling won by resignation"]

1. c4 e6 2. g3 d5 3. Bg2 dxc4 4.
Qa4+ Bd7 5. Qxc4 Nc6 6. Nf3 Nf6 7. O-O Be7 8. d4 O-O 9. Nc3 h6 10. e4 Rb8 11. h3 a6 12. Be3 Na7 13. Rfc1 Bb5 14.
Nxb5 Nxb5 15. a4 Nd6 16. Qxc7 Ndxe4 17. Qxd8 Rfxd8 18. Rc7 Rd7 19. Rac1 Rxc7 20. Rxc7 Bd6 21. Rc2 Kf8 22. Ne5 Ke7 23. Nc4 b5 24. Nxd6 Nxd6 25.
Bf4 bxa4 26. Rc7+ Nd7 27. Rc6 Rxb2 28. Bxd6+ Kd8 29. Rxa6 Ra2 30. Ra8+ 1-0

[Event "Live Chess"]
[Site "Chess.com"]
[Date "2023.05.21"]
[Round "-"]
[White "Biranidun"]
[Black "hturner40"]
[Result "1-0"]
[WhiteElo "2519"]
[BlackElo "1794"]
[TimeControl "300"]
[EndTime "7:46:32 PDT"]
[Termination "Biranidun won by resignation"]

1. e4 Nc6 2. Nf3 e5 3. Bc4 Nf6 4. Ng5 d5 5. exd5 b5 6. Bf1 Qxd5 7. Nc3 Qc5 8. Bxb5 Bd7 9. O-O h6 10. Nf3 e4 11. Re1 Be7 12. d4 exd3 13. Qxd3 O-O 14. Be3 Qh5 15. Qc4 Na5 16. Qa4 Bxb5 17. Nxb5 Rab8 18.
Nfd4 Bd6 19. Nxd6 cxd6 20. Bf4 Rxb2 21. Bxd6 Rd8 22. Be5 Ng4 23. Qxa5 Rxd4 24. Qc3 Rbb4 25. Bxd4 Qxh2+ 26. Kf1 1-0

[Event "Live Chess"]
[Site "Chess.com"]
[Date "2023.05.21"]
[Round "-"]
[White "BillythekidFellowes"]
[Black "jimwad"]
[Result "1-0"]
[WhiteElo "2114"]
[BlackElo "1227"]
[TimeControl "300"]
[EndTime "7:46:34 PDT"]
[Termination "BillythekidFellowes won by checkmate"]

1. e4 e5 2. Nf3 Nc6 3. Bc4 Bc5 4.
d4 exd4 5. Ng5 Nh6 6. Nxf7 Nxf7 7. Bxf7+ Kf8 8. Bb3 Qf6 9. h4 d3 10. O-O dxc2 11. Qd5 Bd6 12. Bg5 Qe6 13. Qd3 Qe5 14.
Qf3+ Ke8 15. Qf7# 1-0